 Dungeon Crawl Stone Soup version 0.31-a0-889-g1a8549509d (webtiles) character file.

Game seed: 2154943933743486894

2803 Ahpoh the Carver (level 9, 0/79 HPs)
             Began as a Ghoul Fighter on Oct 16, 2023.
             Was a Believer of Ashenzari.
             Slain by Amaemon
             ... wielding a +0 demon whip of venom
              (3 damage)
             ... on level 8 of the Dungeon.
             The game lasted 00:35:37 (8828 turns).

Ahpoh the Carver (Ghoul Fighter)                    Turns: 8828, Time: 00:35:37

Health: 0/79       AC: 14    Str: 18    XL:     9   Next: 71%
Magic:  8/8        EV:  8    Int:  3    God:    Ashenzari [**....]
Gold:   1490       SH:  5    Dex: 12    Spells: 8/8 levels left

rFire   . . .        K - +3 falchion (freeze)
rCold   + . .        g - +0 buckler "Oracular Unpleasantness" {+Inv Str-2 SInv, Cun, Dev} (curse)
rNeg    + + +        e - +0 chain mail "Eternal Servitude" {Fort, Cun} (curse)
rPois   ∞            (no helmet)
rElec   .            (no cloak)
rCorr   .            (no gloves)
SInv    +            (no boots)
Will    +....        s - amulet of magic regeneration Stlth
                     t - ring of willpower
HPRegen 0.00/turn    F - ring of Ouranomancy {AC+4, Dev, Self} (curse)
MPRegen 0.51/turn

%: no passive effects
@: inhibited regen
A: claws 1, cold resistance 1, negative energy resistance 3, inhibited
regeneration, torment resistance 2, devour on kill
a: Renounce Religion, Evoke Invisibility, Curse Item, Shatter the Chains


You were on level 8 of the Dungeon.
You worshipped Ashenzari.
Ashenzari was pleased with you.
You visited 1 branch of the dungeon, and saw 8 of its levels.

You collected 1490 gold pieces.

Inventory:

Hand Weapons
 j - a +3 trident of draining
 J - a +3 flail
 K - a +3 falchion of freezing (weapon)
Missiles
 w - 2 javelins
 B - 2 poisoned darts
Armour
 c - a +0 buckler
 e - the cursed +0 chain mail "Eternal Servitude" (worn) {Fort, Cun}
   (You found it on level 1 of the Dungeon)

   It has a curse which improves the following skills: Fortitude: Armour and
   Shields.
   Cunning:   Dodging and Stealth.
 g - the cursed +0 buckler "Oracular Unpleasantness" (worn) {+Inv Str-2 SInv, Cun, Dev}
   (You found it on level 5 of the Dungeon)

   Str-2:     It affects your strength (-2).
   SInv:      It lets you see invisible.
   +Inv:      It lets you turn invisible.
   It has a curse which improves the following skills: Cunning: Dodging and
   Stealth.
   Devices:   Evocations.
Jewellery
 l - a ring of fire
 m - a ring of fire
 n - a +6 ring of intelligence
 q - a ring of resist corrosion
 s - an amulet of magic regeneration (around neck)
 t - a ring of willpower (left claw)
 y - an amulet of guardian spirit
 E - a +6 ring of strength
 F - the cursed ring of Ouranomancy (right claw) {AC+4, Dev, Self}
   (You found it on level 7 of the Dungeon)

   [ring of protection]

   AC+4:      It affects your AC (+4).
   It has a curse which improves the following skills: Devices: Evocations.
   Introspection: Fighting and Spellcasting.
Talismans
 H - a maw talisman
Wands
 A - a wand of paralysis (4)
 D - a wand of digging (3)
 G - a wand of flame (18)
Scrolls
 a - a scroll of poison
 b - a scroll of vulnerability
 h - a scroll of amnesia
 i - 2 scrolls of noise
 p - a scroll of revelation
 x - a scroll of fog
 C - 2 scrolls of immolation
 I - 3 scrolls of identify
 M - a scroll of brand weapon
Potions
 d - 2 potions of mutation
 k - 4 potions of degeneration
 o - a potion of magic
 v - a potion of lignification


   Skills:
 + Level 6.3(7.5) Fighting
 + Level 8.4 Long Blades
 + Level 0.1 Throwing
 + Level 6.5(7.6) Armour
 + Level 2.1(3.5) Dodging
 + Level 2.4(3.8) Stealth
 + Level 4.0(5.1) Shields


You had 8 spell levels left.
You didn't know any spells.
Your spell library contained the following spells:

 Spells                   Type           Power      Damage    Failure   Level
 Cigotuvi's Dreadful Rot  Necr/Pois/Air  0%         N/A       100%        2
 Ignite Poison            Fire/Tmut/Pois 0%         N/A       100%        3
 Freezing Cloud           Conj/Ice/Air   0%         6-21      100%        5


Dungeon Overview and Level Annotations

Branches:
Dungeon (8/15)             Temple (0/1) D:6
   Lair: D:8-11

Altars:
Ashenzari
Cheibriados
Dithmenos
Gozag
Makhleb
Nemelex Xobeh
Qazlal
Vehumet

Annotations:
D:3 2 transporters, Sirjeffry24's ghost, amateur DrSh
D:8 Amaemon


Innate Abilities, Weirdness & Mutations

You are immune to poison.
You have sharp fingernails.
Your flesh is cold resistant. (rC+)
You are immune to negative energy. (rN+++)
You do not regenerate when monsters are visible.
You are immune to unholy pain and torment.
You thrive by killing the living.


Message History

Amaemon is heavily wounded.
The scorpion stings you but does no damage.
The scorpion completely misses you. Amaemon barely misses you.
Amaemon claws you.
* * * LOW HITPOINT WARNING * * *
You block Amaemon's attack.
You closely miss Amaemon.
Amaemon is heavily wounded.
The scorpion stings you but does no damage.
The scorpion closely misses you.
Amaemon hits you with a +0 demon whip of venom.
* * * LOW HITPOINT WARNING * * *
Amaemon closely misses you. You block Amaemon's attack.
The scorpion stings you but does no damage.
You slash Amaemon! You freeze Amaemon.
Amaemon is severely wounded.
The scorpion disappears in a puff of smoke!
The scorpion stings you but does no damage.
Amaemon closely misses you. Amaemon claws you.
* * * LOW HITPOINT WARNING * * *
Amaemon tail-slaps you but does no damage.
The scorpion stings you but does no damage.
The scorpion barely misses you.
You completely miss Amaemon.
Amaemon is severely wounded.
The scorpion no longer looks unusually toxic.
You block the scorpion's attack.
The scorpion stings you but does no damage.
Amaemon hits you with a +0 demon whip of venom.
* * * LOW HITPOINT WARNING * * *
Amaemon claws you.
* * * LOW HITPOINT WARNING * * *
Amaemon tail-slaps you but does no damage.
You closely miss Amaemon.
Amaemon is severely wounded.
The scorpion stings you but does no damage. x2
You hit Amaemon. You freeze Amaemon.
Amaemon is severely wounded.
Amaemon hits you with a +0 demon whip of venom.
You die...

... ##..##
#.....#########.# ..
#....## ###........# ####
#..#.s.#####....##### #.#
#...####.6...)....## #.##
#..# #.)...#.....## #..#
#.. ........##.#....##
##.## #..
....###..##§.##...###.#.#
#.# #.##
#.####6##....#.#### .# #
#.###@ss....#.##
####s##..###.## #.####.#
#.#### ### #####.##.#
#.#..## #...## #####


You could see Amaemon and 3 scorpions.

Vanquished Creatures
  Jeremiah (D:8)
  A water moccasin (D:7)
  An orc warrior (D:8)
  A sky beast (D:6)
  4 black bears
  An ogre (D:6)
  2 ice beasts
  A centaur (D:5)
  A phantom (D:6)
  2 bullfrogs (D:7)
  8 wights
  4 killer bees (D:8)
  A lava snake (D:8)
  3 hounds
  2 gnoll boudas
  2 orc priests
  2 jellies
  A sleepcap (D:6)
  An iguana (D:3)
  2 orc wizards
  19 gnolls
  6 adders
  A shadow imp (D:5)
  A white imp (D:7)
  2 dart slugs
  24 orcs
  5 ball pythons
  6 endoplasms
  2 giant cockroaches
  8 goblins
  7 hobgoblins
  3 quokkas
  4 bats (D:3)
  5 frilled lizards
  8 kobolds
  4 rats
146 creatures vanquished.

Notes
Turn   | Place    | Note
-------+----------+-------------------------------------------
     0 | D:1      | Ahpoh the Ghoul Fighter began the quest for the Orb.
     0 | D:1      | Reached XP level 1. HP: 19/19 MP: 0/0
   622 | D:1      | Reached XP level 2. HP: 22/26 MP: 1/1
  1677 | D:3      | Reached skill level 2 in Long Blades
  1716 | D:3      | Found a transporter.
  1716 | D:3      | Noticed Sirjeffry24's ghost (amateur DrSh)
  1755 | D:3      | Found a transporter.
  1859 | D:3      | Found a faded altar of an unknown god.
  1864 | D:3      | Reached XP level 3. HP: 31/31 MP: 2/2
  1869 | D:3      | Prayed at the altar of an unknown god.
  1869 | D:3      | Became a worshipper of Ashenzari the Shackled
  2648 | D:3      | Reached XP level 4. HP: 38/40 MP: 3/3
  2745 | D:4      | Reached skill level 3 in Long Blades
  2844 | D:4      | Reached XP level 5. HP: 42/46 MP: 4/4
  2914 | D:4      | Found a faded altar of an unknown god.
  2914 | D:4      | Found a burning altar of Makhleb.
  2922 | D:4      | Found a stormy altar of Qazlal.
  2924 | D:4      | Found a faded altar of an unknown god.
  2943 | D:4      | Found a snail-covered altar of Cheibriados.
  3124 | D:4      | Found a shadowy altar of Dithmenos.
  3414 | D:5      | Entered Level 5 of the Dungeon
  3451 | D:5      | Noticed a black bear
  3461 | D:5      | Killed a black bear
  3462 | D:5      | Reached skill level 4 in Long Blades
  3462 | D:5      | Reached XP level 6. HP: 49/53 MP: 5/5
  3504 | D:5      | Reached XP level 7. HP: 48/60 MP: 6/6
  3875 | D:4      | Reached skill level 1 in Dodging
  4020 | D:5      | Identified the +0 buckler "Haply" {+Inv Str-2 SInv}
  4090 | D:5      | Reached skill level 5 in Long Blades
  4599 | D:6      | Reached skill level 5 in Fighting
  4599 | D:6      | Reached XP level 8. HP: 55/68 MP: 7/7
  4609 | D:6      | Reached skill level 6 in Long Blades
  5108 | D:6      | Reached skill level 1 in Stealth
  5251 | D:6      | Reached * piety under Ashenzari
  5251 | D:6      | Identified a scroll of acquirement
  5424 | D:5      | Reached skill level 5 in Armour
  5766 | D:6      | Found an opulent altar of Gozag.
  5919 | D:6      | Found a staircase to the Ecumenical Temple.
  5979 | D:7      | Found a radiant altar of Vehumet.
  6022 | D:7      | Reached skill level 7 in Long Blades
  6627 | D:7      | Acquired 1175 gold pieces
  6898 | D:7      | Reached XP level 9. HP: 44/75 MP: 8/8
  7542 | D:7      | Reached ** piety under Ashenzari
  7565 | D:7      | Reached skill level 8 in Long Blades
  7660 | D:8      | Noticed Jeremiah
  7973 | D:8      | Killed Jeremiah
  8016 | D:8      | Noticed Amaemon
  8016 | D:8      | Noticed an orange demon
  8099 | D:8      | Found a sparkling altar of Nemelex Xobeh.
  8292 | D:8      | HP: 2/79 [lava snake/glob of lava (9)]
  8302 | D:8      | HP: 2/79 [orc/+0 trident (3)]
  8826 | D:8      | HP: 3/79 [Amaemon/+0 demon whip of venom (2)]
  8828 | D:8      | Slain by Amaemon

Illustrated notes

Levels and vault maps discovered:
D:1:      saegor_arrival_simple_b, layout_basic
D:2:      layout_basic, grunt_decor_cap
D:3:      layout_loops_ring, ebering_ecumenical_altar_hall,
          gammafunk_ghost_mausoleum, amethyst_killhole, minmay_liquid_box
D:4:      layout_cave_pools, nicolae_dithmenos_the_darkroom,
          chequers_temple_overflow_minitemple
D:5:      layout_loops_ring
D:6:      layout_rooms, nicolae_overflow_crystal_walls,
          minmay_temple_entry_nine_rooms
D:7:      layout_loops_ring, vehumet_altar_wand_db
D:8:      layout_layer_cave, nemelex_diamond_rough_becter,
          kennysheep_cluttered_room, minmay_fire_ice_demons, uniq_psyche,
          uniq_jeremiah, uniq_amaemon

Skill      XL: |  1  2  3  4  5  6  7  8  9 |
---------------+----------------------------+-----
Armour         | 3 4 5 6 |  6.5
Shields        | 3 4 |  4.0
Long Blades    | 2 3 4 5 7 8 |  8.4
Fighting       | 4 5 6 |  6.3
Dodging        | 1 2 |  2.1
Stealth        | 1 2 |  2.4
Throwing       | |  0.1

Action                     |  1- 3 |  4- 6 |  7- 9 || total
---------------------------+-------+-------+-------++-------
  Melee: Long sword        |   142 |   131 |   271 ||   544
         Falchion          |       |       |   244 ||   244
  Throw: Javelin           |       |       |     2 ||     2
         Throwing net      |       |       |     1 ||     1
 Invoke: Curse Item        |     1 |       |     3 ||     4
         Shatter the Chain |     1 |       |       ||     1
  Evoke: Wand              |       |       |     6 ||     6
    Use: Scroll            |     2 |       |     6 ||     8
         Potion            |     1 |     1 |     9 ||    11
   Stab: Paralysed         |       |       |    18 ||    18
         Held in net/web   |       |       |     2 ||     2
 Armour: Chain mail        |   114 |   101 |   550 ||   765
         Scale mail        |     2 |       |       ||     2
  Dodge: Dodged            |    52 |    46 |   219 ||   317
  Block: Buckler           |    32 |    25 |   129 ||   186

Table legend: (Time is in decaauts)
 A = Elapsed time spent in this place.
 B = Non-inter-level travel time spent in this place.
 C = Inter-level travel time spent in this place.
 D = Time resting spent in this place.
 E = Time spent auto-exploring this place.
 F = Levels seen in this place.
 G = Mean time per level.
                   A        B        C        D        E       F      G
               +--------+--------+--------+--------+--------+-----+--------+
         Total |   8912 |   8594 |    318 |   1297 |   4804 |   8 | 1114.0 |
       Dungeon |   8912 |   8594 |    318 |   1297 |   4804 |   8 | 1114.0 |
               +--------+--------+--------+--------+--------+-----+--------+

Top non-repeatable levels by time:
     D:7: 1908 daAuts
     D:5: 1350 daAuts
     D:6: 1168 daAuts
     D:3: 1105 daAuts
     D:8: 908 daAuts
     D:2: 896 daAuts
     D:4: 791 daAuts
     D:1: 783 daAuts
